| TOP OF THE 1ST |
|
Montreal Expos batting - Pitching for Kansas City Royals : RHP Skyler Webster
|
|
Pitching: RHP Skyler Webster
|
|
|
Batting: LHB Bill McGregor
|
0-0: Ball 1-0: Ball 2-0: SINGLE (Line Drive, 7S, EV 88.1 MPH)
|
|
Batting: RHB Alex Diaz
|
Pickoff Throw to First - Out! 1-3 0-0: Ball 1-0: Ball 2-0: Swinging Strike 2-1: Ball 3-1: Base on Balls
|
|
Batting: SHB Joey Pacheco
|
0-0: Called Strike 0-1: Ball 1-1: Ball 2-1: SINGLE (Flyball, 6D, EV 96.2 MPH) Alex Diaz to second
|
|
Batting: LHB Steve Anderson
|
0-0: Swinging Strike 0-1: Called Strike 0-2: Ball 1-2: SINGLE (Groundball, 5D, EV 94.4 MPH) Alex Diaz to third Joey Pacheco to second Runner from 3rd tries for Home, throw by LF and OUT! 7-2 Joey Pacheco to third Steve Anderson to second
|
|
Batting: RHB Steve French
|
0-0: Ball 1-0: Ball 2-0: Ball 3-0: Fly out, F9 (Line Drive, 89M, EV 88.8 MPH)
|
| Top of the 1st over - 0 runs, 3 hits, 0 errors, 2 left on base; Montreal 0 - Kansas City 0 |
| BOTTOM OF THE 1ST |
|
Kansas City Royals batting - Pitching for Montreal Expos : RHP Julian Black
|
|
Pitching: RHP Julian Black
|
|
|
Batting: LHB Mike Meyerhoff
|
0-0: Ball 1-0: Foul Ball, location: 2F 1-1: Ground out 4-3 (Groundball, 4, EV 102.5 MPH)
|
|
Batting: RHB Matt Belgard
|
0-0: Ball 1-0: Swinging Strike 1-1: Foul Ball, location: 2F 1-2: Foul Ball, location: 2F 1-2: Strikes out swinging
|
|
Batting: LHB Roman Downey
|
0-0: TRIPLE (Flyball, 78XD, EV 98.1 MPH)
|
|
Batting: LHB Bill Baconneck
|
0-0: Called Strike 0-1: Foul Ball, location: 2F 0-2: Ball 1-2: Ball 2-2: Ball 3-2: Foul Ball, location: 2F 3-2: Foul Ball, location: 2F 3-2: Base on Balls
|
|
Batting: LHB Pete Hansel
|
0-0: Called Strike 0-1: Foul Ball, location: 2F 0-2: Foul Ball, location: 2F 0-2: Strikes out swinging
|
| Bottom of the 1st over - 0 runs, 1 hit, 0 errors, 2 left on base; Montreal 0 - Kansas City 0 |
| TOP OF THE 2ND |
|
Montreal Expos batting - Pitching for Kansas City Royals : RHP Skyler Webster
|
|
Batting: SHB Lou Kroneman
|
0-0: Called Strike 0-1: Called Strike 0-2: Ball 1-2: Ball 2-2: Ball 3-2: Base on Balls
|
|
Batting: RHB John Ham
|
0-0: Ball 1-0: Ball 2-0: Ball 3-0: Called Strike 3-1: Foul Ball, location: 2F 3-2: Foul Ball, location: 2F 3-2: Base on Balls Lou Kroneman to second
|
|
Batting: RHB EugĂȘnio Asceno
|
0-0: Ball 1-0: Ball 2-0: Ball 3-0: Foul Ball, location: 2F 3-1: Base on Balls Lou Kroneman to third John Ham to second
|
|
Batting: LHB Jake Rheaume
|
0-0: Grounds into double play, 4-6-3 (Groundball, 4, EV 78.8 MPH) Lou Kroneman scores John Ham to third
|
|
Batting: LHB Bill McGregor
|
0-0: Fly out, F9 (Flyball, 9, EV 81.9 MPH)
|
| Top of the 2nd over - 1 run, 0 hits, 0 errors, 1 left on base; Montreal 1 - Kansas City 0 |
| BOTTOM OF THE 2ND |
|
Kansas City Royals batting - Pitching for Montreal Expos : RHP Julian Black
|
|
Batting: SHB Gil Switzer
|
0-0: Called Strike 0-1: Ball 1-1: Foul Ball, location: 2F 1-2: Foul Ball, location: 2F 1-2: Ground out 1-3 (Groundball, 34S, EV 73.1 MPH)
|
|
Batting: LHB Manny Estrada
|
0-0: Ball 1-0: Ground out 3-1 (Groundball, 34, EV 89.4 MPH)
|
|
Batting: RHB Mikolas Markus
|
0-0: Called Strike 0-1: Ball 1-1: Ball 2-1: SINGLE (Groundball, 56D, EV 102.5 MPH)
|
|
Batting: RHB Kevin Roseen
|
0-0: Called Strike 0-1: Ground out 4-3 (Groundball, 4, EV 105.0 MPH)
|
| Bottom of the 2nd over - 0 runs, 1 hit, 0 errors, 1 left on base; Montreal 1 - Kansas City 0 |
| TOP OF THE 3RD |
|
Montreal Expos batting - Pitching for Kansas City Royals : RHP Skyler Webster
|
|
Batting: RHB Alex Diaz
|
0-0: Ball 1-0: Bunt for hit to 23 - play at first, batter OUT! 3-4
|
|
Batting: SHB Joey Pacheco
|
0-0: Ball 1-0: Ground out 5-3 (Groundball, 15, EV 83.8 MPH)
|
|
Batting: LHB Steve Anderson
|
0-0: SINGLE (Flyball, 78M, EV 95.0 MPH)
|
|
Batting: RHB Steve French
|
0-0: Ground out 4-3 (Groundball, 4M, EV 84.4 MPH)
|
| Top of the 3rd over - 0 runs, 1 hit, 0 errors, 1 left on base; Montreal 1 - Kansas City 0 |
| BOTTOM OF THE 3RD |
|
Kansas City Royals batting - Pitching for Montreal Expos : RHP Julian Black
|
|
Batting: LHB Mike Meyerhoff
|
0-0: Fly out, F7 (Flyball, 78M, EV 75.6 MPH)
|
|
Batting: RHB Matt Belgard
|
0-0: Called Strike 0-1: Ball 1-1: Ball 2-1: Swinging Strike 2-2: Ball 3-2: SOLO HOME RUN (Line Drive, 7D, EV 115.0 MPH), Distance : 429 ft
|
|
Batting: LHB Roman Downey
|
0-0: Ball 1-0: Called Strike 1-1: Called Strike 1-2: Strikes out swinging
|
|
Batting: LHB Bill Baconneck
|
0-0: Ball 1-0: Ball 2-0: Fly out, F9 (Flyball, 9LS, EV 89.4 MPH)
|
| Bottom of the 3rd over - 1 run, 1 hit, 0 errors, 0 left on base; Montreal 1 - Kansas City 1 |
| TOP OF THE 4TH |
|
Montreal Expos batting - Pitching for Kansas City Royals : RHP Skyler Webster
|
|
Batting: SHB Lou Kroneman
|
0-0: Ball 1-0: Ball 2-0: Ball 3-0: Called Strike 3-1: Foul Ball, location: 2F 3-2: Base on Balls
|
|
Batting: RHB John Ham
|
0-0: Fly out, F8 (Flyball, 8LD, EV 100.6 MPH)
|
|
Batting: RHB EugĂȘnio Asceno
|
0-0: Foul Ball, location: 2F 0-1: Grounds into double play, 6-4-3 (Groundball, 6, EV 97.5 MPH)
|
| Top of the 4th over - 0 runs, 0 hits, 0 errors, 0 left on base; Montreal 1 - Kansas City 1 |
| BOTTOM OF THE 4TH |
|
Kansas City Royals batting - Pitching for Montreal Expos : RHP Julian Black
|
|
Batting: LHB Pete Hansel
|
0-0: Foul Ball, location: 2F 0-1: Ball 1-1: Swinging Strike 1-2: Foul Ball, location: 2F 1-2: Strikes out swinging, 2-3 out at first.
|
|
Batting: SHB Gil Switzer
|
0-0: Called Strike 0-1: Ball 1-1: SINGLE (Groundball, 4MD, EV 105.6 MPH)
|
|
Batting: LHB Manny Estrada
|
0-0: Ball 1-0: Foul Ball, location: 2F 1-1: Called Strike 1-2: Strikes out swinging
|
|
Batting: RHB Mikolas Markus
|
0-0: Ball 1-0: Ball 2-0: DOUBLE (Line Drive, 8RXD, EV 113.1 MPH) Gil Switzer to third Runner from 3rd tries for Home, throw by CF and OUT! 8-4-2
|
| Bottom of the 4th over - 0 runs, 2 hits, 0 errors, 1 left on base; Montreal 1 - Kansas City 1 |
| TOP OF THE 5TH |
|
Montreal Expos batting - Pitching for Kansas City Royals : RHP Skyler Webster
|
|
Now at 1B: Justin Rupert
|
|
|
Now at 3B: Yuichi Takata
|
|
|
Batting: LHB Jake Rheaume
|
0-0: Ball 1-0: Ground out 6-3 (Groundball, 56, EV 103.1 MPH)
|
|
Batting: LHB Bill McGregor
|
0-0: Called Strike 0-1: Ball 1-1: Fly out, F8 (Flyball, 8RXD, EV 86.9 MPH)
|
|
Pinch Hitting: LHB Mark Marvin
|
0-0: Ball 1-0: Foul Ball, location: 2F 1-1: Foul Ball, location: 2F 1-2: Ball 2-2: Strikes out swinging
|
| Top of the 5th over - 0 runs, 0 hits, 0 errors, 0 left on base; Montreal 1 - Kansas City 1 |
| BOTTOM OF THE 5TH |
|
Kansas City Royals batting - Pitching for Montreal Expos : RHP Julian Black
|
|
Now at C: James Huddleston
|
|
|
Now at 1B: Mark Marvin
|
|
|
Batting: RHB Kevin Roseen
|
0-0: Ground out 3-1 (Groundball, 34, EV 81.2 MPH)
|
|
Pinch Hitting: SHB Jose Pacheco
|
0-0: Ball 1-0: Ball 2-0: Ball 3-0: Called Strike 3-1: Swinging Strike 3-2: Strikes out swinging
|
|
Batting: RHB Matt Belgard
|
0-0: Ball 1-0: Called Strike 1-1: Foul Ball, location: 2F 1-2: Foul Ball, location: 2F 1-2: Foul Ball, location: 2F 1-2: SINGLE (Groundball, 56S, EV 61.2 MPH) (infield hit)
|
|
Batting: LHB Roman Downey
|
0-0: Hit by Pitch Matt Belgard to second
|
|
Batting: LHB Bill Baconneck
|
0-0: Swinging Strike 0-1: Ball 1-1: Called Strike 1-2: Ball 2-2: Strikes out swinging
|
| Bottom of the 5th over - 0 runs, 1 hit, 0 errors, 2 left on base; Montreal 1 - Kansas City 1 |
| TOP OF THE 6TH |
|
Montreal Expos batting - Pitching for Kansas City Royals : RHP Skyler Webster
|
|
Pitching: LHP Tyler Abraham
|
|
|
Now at 2B: Ken Postlethwaite
|
|
|
Now at SS: Jose Pacheco
|
|
|
Pinch Hitting: RHB Danny Diaz
|
0-0: Ball 1-0: Ball 2-0: Called Strike 2-1: Foul Ball, location: 2F 2-2: Strikes out looking
|
|
Pinch Hitting: RHB Tommy Mize
|
0-0: Called Strike 0-1: Foul Ball, location: 2F 0-2: Ball 1-2: Strikes out looking
|
|
Batting: RHB Sesto Carpini
|
0-0: Ball 1-0: Called Strike 1-1: Fly out, F7 (Flyball, 7, EV 96.2 MPH)
|
| Top of the 6th over - 0 runs, 0 hits, 0 errors, 0 left on base; Montreal 1 - Kansas City 1 |
| BOTTOM OF THE 6TH |
|
Kansas City Royals batting - Pitching for Montreal Expos : RHP Julian Black
|
|
Pitching: RHP Joel Beggs
|
|
|
Now at 3B: Tommy Mize
|
|
|
Now at SS: Danny Diaz
|
|
|
Pinch Hitting: RHB Walt Cogswell
|
0-0: Foul Ball, location: 2F 0-1: SINGLE (Groundball, 56S, EV 70.0 MPH) (infield hit)
|
|
Pinch Hitting: LHB Robby Diaz
|
0-0: Called Strike 0-1: Ball 1-1: Foul Ball, location: 2F 1-2: Strikes out swinging
|
|
Batting: LHB Justin Rupert
|
0-0: Ball 1-0: Called Strike 1-1: Ball 2-1: Foul Ball, location: 2F 2-2: Foul Ball, location: 2F 2-2: DOUBLE (Flyball, 8LXD, EV 99.4 MPH) Walt Cogswell to third Runner from 3rd tries for Home, SAFE, throw by CF to home
|
|
Batting: RHB Yuichi Takata
|
0-0: Foul Ball, location: 2F 0-1: Swinging Strike 0-2: Strikes out swinging
|
|
Batting: RHB Kevin Roseen
|
0-0: Ball 1-0: Ball 2-0: Ball 3-0: Called Strike 3-1: Base on Balls
|
|
Batting: SHB Jose Pacheco
|
0-0: Foul Ball, location: 2F 0-1: Called Strike 0-2: Foul Ball, location: 2F 0-2: Ball 1-2: Ball 2-2: Strikes out looking
|
| Bottom of the 6th over - 1 run, 2 hits, 0 errors, 2 left on base; Montreal 1 - Kansas City 2 |
| TOP OF THE 7TH |
|
Montreal Expos batting - Pitching for Kansas City Royals : LHP Tyler Abraham
|
|
Pitching: RHP Mike Tuck
|
|
|
Now in LF: Ryoji Hiraoka
|
|
|
Now in CF: Walt Cogswell
|
|
|
Batting: SHB Lou Kroneman
|
0-0: Called Strike 0-1: Called Strike 0-2: SINGLE (Groundball, 6D, EV 97.5 MPH)
|
|
Batting: RHB John Ham
|
0-0: Grounds into double play, 5-4-3 (Groundball, 56, EV 81.2 MPH)
|
|
Batting: RHB James Huddleston
|
0-0: Reached on error, E2 (Groundball, 2R, EV 60.0 MPH)
|
|
Batting: LHB Jake Rheaume
|
0-0: Ball 1-0: Called Strike 1-1: Swinging Strike 1-2: Strikes out swinging
|
| Top of the 7th over - 0 runs, 1 hit, 1 error, 1 left on base; Montreal 1 - Kansas City 2 |
| BOTTOM OF THE 7TH |
|
Kansas City Royals batting - Pitching for Montreal Expos : RHP Joel Beggs
|
|
Pitching: RHP Joel Montenegro
|
|
|
Batting: RHB Ken Postlethwaite
|
0-0: Foul Ball, location: 2F 0-1: Ground out 6-3 (Groundball, 6, EV 93.1 MPH)
|
|
Batting: LHB Roman Downey
|
0-0: Ball 1-0: Called Strike 1-1: Called Strike 1-2: Ball 2-2: Foul Ball, location: 2F 2-2: Ground out 4-3 (Groundball, 4, EV 80.0 MPH)
|
|
Batting: RHB Adam Martin
|
0-0: SINGLE (Line Drive, 89S, EV 100.0 MPH)
|
|
Batting: RHB Walt Cogswell
|
0-0: Called Strike 0-1: Ball 1-1: Swinging Strike 1-2: Strikes out looking
|
| Bottom of the 7th over - 0 runs, 1 hit, 0 errors, 1 left on base; Montreal 1 - Kansas City 2 |
| TOP OF THE 8TH |
|
Montreal Expos batting - Pitching for Kansas City Royals : RHP Mike Tuck
|
|
Pitching: RHP Ken Hall
|
|
|
Batting: LHB Bill McGregor
|
0-0: Foul Ball, location: 2F 0-1: Swinging Strike 0-2: DOUBLE (Line Drive, 78XD, EV 104.4 MPH)
|
|
Batting: LHB Mark Marvin
|
0-0: Foul Ball, location: 2F 0-1: Ball 1-1: Ball Wild Pitch! Bill McGregor to third 2-1: Ball 3-1: Base on Balls
|
|
Batting: RHB Danny Diaz
|
0-0: Called Strike 0-1: Foul Ball, location: 2F 0-2: Ball 1-2: Foul Ball, location: 2F 1-2: Strikes out swinging
|
|
Batting: RHB Tommy Mize
|
0-0: Ball 1-0: Foul Ball, location: 2F 1-1: Hit by Pitch Mark Marvin to second
|
|
Batting: RHB Sesto Carpini
|
0-0: Called Strike 0-1: Ball 1-1: Swinging Strike 1-2: Ball 2-2: SINGLE (Groundball, 4M, EV 99.4 MPH) Bill McGregor scores Mark Marvin to third Tommy Mize to second Runner from 3rd tries for Home, SAFE, throw by CF to home
|
|
Batting: SHB Lou Kroneman
|
0-0: Swinging Strike 0-1: Swinging Strike 0-2: Strikes out swinging
|
|
Batting: RHB John Ham
|
0-0: Ball 1-0: Ball 2-0: Ball 3-0: Base on Balls Tommy Mize to third Sesto Carpini to second
|
|
Batting: RHB James Huddleston
|
0-0: Ball 1-0: DOUBLE (Flyball, 78D, EV 103.8 MPH) Tommy Mize scores Sesto Carpini scores John Ham to third Runner from 3rd tries for Home, SAFE, throw by CF to home
|
|
Pitching: RHP Asa Hahn
|
|
|
Batting: LHB Jake Rheaume
|
0-0: Called Strike 0-1: Ball 1-1: Called Strike 1-2: Fly out, F7 (Flyball, 7, EV 85.0 MPH)
|
| Top of the 8th over - 5 runs, 3 hits, 0 errors, 1 left on base; Montreal 6 - Kansas City 2 |
| BOTTOM OF THE 8TH |
|
Kansas City Royals batting - Pitching for Montreal Expos : RHP Joel Montenegro
|
|
Pitching: RHP Jakub Kvacek
|
|
|
Batting: SHB Ryoji Hiraoka
|
0-0: Called Strike 0-1: Foul Ball, location: 2F 0-2: Ball 1-2: Ball 2-2: Ground out U3 (Groundball, 3, EV 96.9 MPH)
|
|
Batting: LHB Justin Rupert
|
0-0: Ball 1-0: Ball 2-0: Called Strike 2-1: Called Strike 2-2: Strikes out swinging
|
|
Batting: RHB Yuichi Takata
|
0-0: Called Strike 0-1: Ball 1-1: Swinging Strike 1-2: Strikes out swinging
|
| Bottom of the 8th over - 0 runs, 0 hits, 0 errors, 0 left on base; Montreal 6 - Kansas City 2 |
| TOP OF THE 9TH |
|
Montreal Expos batting - Pitching for Kansas City Royals : RHP Asa Hahn
|
|
Batting: LHB Bill McGregor
|
0-0: Ball 1-0: Ball 2-0: Ball 3-0: Base on Balls
|
|
Batting: LHB Mark Marvin
|
0-0: Ball 1-0: Sac Bunt to 13 - play at first, batter OUT! 1-3 Bill McGregor to second
|
|
Pinch Hitting: RHB Tommie Eaton
|
0-0: Ball 1-0: Swinging Strike 1-1: Foul Ball, location: 2F 1-2: Strikes out swinging
|
|
Batting: RHB Tommy Mize
|
0-0: Called Strike 0-1: Ball Bill McGregor steals 3rd base 1-1: Ball 2-1: Ground out 6-3 (Groundball, 6, EV 103.8 MPH)
|
| Top of the 9th over - 0 runs, 0 hits, 0 errors, 1 left on base; Montreal 6 - Kansas City 2 |
| BOTTOM OF THE 9TH |
|
Kansas City Royals batting - Pitching for Montreal Expos : RHP Jakub Kvacek
|
|
Pitching: LHP Kyle Schlosschlonghair
|
|
|
Now at SS: Tommie Eaton
|
|
|
Batting: RHB Kevin Roseen
|
0-0: Called Strike 0-1: Ball 1-1: Foul Ball, location: 2F 1-2: Foul Ball, location: 2F 1-2: Ball 2-2: Strikes out swinging
|
|
Batting: SHB Jose Pacheco
|
0-0: Called Strike 0-1: Foul Ball, location: 2F 0-2: Ground out 5-3 (Groundball, 5S, EV 80.0 MPH)
|
|
Batting: RHB Ken Postlethwaite
|
0-0: Called Strike 0-1: Ball 1-1: Ball 2-1: Swinging Strike 2-2: Strikes out swinging, 2-3 out at first.
|
| Bottom of the 9th over - 0 runs, 0 hits, 0 errors, 0 left on base; Montreal 6 - Kansas City 2 |
|